 Dungeon Crawl Stone Soup version 0.18.1-8-gdd0e5ea (webtiles) character file.

146 santipi the Slasher (level 5, -4/41 HPs)
             Began as a Demonspawn Berserker on June 6, 2016.
             Was a Priest of Trog.
             Slain by an iguana (11 damage)
             ... on level 4 of the Dungeon.
             The game lasted 00:13:20 (3209 turns).

santipi the Slasher (Demonspawn Berserker)          Turns: 3209, Time: 00:13:20

Health: -4/41      AC: 10    Str: 18    XL:     5   Next: 7%
Magic:  5/5        EV: 10    Int:  8    God:    Trog [***...]
Gold:   156        SH:  0    Dex: 13    Spells: 0 memorised, 4 levels left

rFire  . . .     SeeInvis .     a - +0 falchion
rCold  . . .     Gourm    .     q - +0 scale mail
rNeg   . . .     Faith    +     (no shield)
rPois  .         Spirit   .     k - +1 hat
rElec  .         Dismiss  .     (no cloak)
rCorr  .         Reflect  .     (no gloves)
SustAt .         Harm     .     (no boots)
MR     +....                    p - amulet of faith
Stlth  ..........               (no ring)
                                f - ring of protection from magic

@: somewhat resistant to hostile enchantments, extremely unstealthy
A: icy blue scales 2
a: Berserk, Trog's Hand, Burn Spellbooks, Renounce Religion


You were on level 4 of the Dungeon.
You worshipped Trog.
Trog was most pleased with you.
You were not hungry.

You visited 1 branch of the dungeon, and saw 4 of its levels.

You collected 156 gold pieces.

Inventory:

Hand Weapons
 a - a +0 falchion (weapon)
Armour
 k - a +1 hat (worn)
 q - a +0 scale mail (worn)
Jewellery
 f - a ring of protection from magic (left hand)
 p - an amulet of faith (around neck)
Scrolls
 e - 4 scrolls of identify
 j - a scroll of fog {unknown}
 s - a scroll of enchant weapon {unknown}
 t - a scroll of immolation {unknown}
 u - a scroll of random uselessness {unknown}
Potions
 g - a potion of flight {unknown}
 h - 2 potions of might {unknown}
 l - 2 potions of degeneration {unknown}
 m - a potion of heal wounds
 n - a potion of invisibility {unknown}
 o - a potion of agility {unknown}
 r - a potion of brilliance {unknown}
Comestibles
 b - 3 chunks of flesh
 c - 3 bread rations
 v - 2 fruits


   Skills:
 + Level 3.5 Fighting
 + Level 3.5 Long Blades
 + Level 2.6 Armour
 + Level 3.1 Dodging
 + Level 0.2 Stealth


You had 4 spell levels left.
You didn't know any spells.

Dungeon Overview and Level Annotations

Branches:
Dungeon (4/15)
 Temple: D:4-7

Altars:
Fedhas
Qazlal
Ru
Vehumet


Innate Abilities, Weirdness & Mutations

You are mostly covered in icy blue scales (AC +3, EV -1).


Message History

The iguana bites you.
You hit the iguana but do no damage.
The iguana is heavily wounded.
The iguana bites you but does no damage.
You hit the iguana but do no damage.
The iguana is heavily wounded.
The iguana bites you.
You hit the iguana.
The iguana is severely wounded.
The iguana bites you!
* * * LOW HITPOINT WARNING * * *
You hit the iguana but do no damage.
The iguana is severely wounded.
The iguana bites you but does no damage.
You barely miss the iguana.
The iguana is severely wounded.
The iguana bites you.
* * * LOW HITPOINT WARNING * * *
The iguana bites you!
You die...

#.# #### #.# #..
..#####.####.#######. #
......................#
#.......###......# ..#
#.#####........#####..##
##....###..........
#.l.### ##.........
#####.@.# ####........
###......## #...........
#...###.## #.##........
##..# #.# #.##########
##.###.# #....###
#..##.# #......##
##....# ##......##
#..####..####
####..[.###
#.....รท...># ###....#


You could see an iguana.

Vanquished Creatures
  A giant frog skeleton (D:4)
  4 adders
  An ooze (D:1)
  2 worms
  2 orcs (D:3)
  A ball python (D:2)
  4 bats
  3 giant cockroaches
  9 goblins
  3 hobgoblins
  12 jackals
  3 quokkas
  3 giant newts
  12 kobolds
  8 rats
  A plant (D:3)
69 creatures vanquished.

Vanquished Creatures (others)
  7 toadstools (D:1)
7 creatures vanquished.

Grand Total: 76 creatures vanquished

Notes
Turn   | Place    | Note
--------------------------------------------------------------
     0 | D:1      | santipi the Demonspawn Berserker began the quest for the Orb.
     0 | D:1      | Reached XP level 1. HP: 18/18 MP: 1/1
   298 | D:1      | Gained mutation: You are partially covered in icy blue scales (AC +1). [demonic ancestry]
   298 | D:1      | Reached XP level 2. HP: 12/24 MP: 2/2
   806 | D:1      | Reached XP level 3. HP: 29/29 MP: 3/3
  1203 | D:2      | Reached ** piety under Trog
  1842 | D:2      | Reached XP level 4. HP: 29/35 MP: 4/4
  2142 | D:3      | Found a blossoming altar of Fedhas.
  2157 | D:3      | Found a radiant altar of Vehumet.
  2282 | D:3      | Found a sacrificial altar of Ru.
  2723 | D:3      | Found a stormy altar of Qazlal.
  3146 | D:4      | Gained mutation: You are mostly covered in icy blue scales (AC +3, EV -1). [demonic ancestry]
  3146 | D:4      | Reached XP level 5. HP: 31/41 MP: 5/5
  3165 | D:4      | Reached *** piety under Trog
  3209 | D:4      | Slain by an iguana

Skill      XL: |  1  2  3 |
---------------+----------+-----
Dodging        | 2 3 |  3.1
Armour         | 2 |  2.6
Long Blades    | 3 |  3.5
Fighting       | |  3.5
Stealth        | |  0.2

Action                   |  1- 3 |  4- 6 || total
-------------------------+-------+-------++-------
Melee: Falchion          |   165 |   154 ||   319
  Use: Scroll            |     2 |     3 ||     5
       Potion            |       |     1 ||     1
 Stab: Sleeping          |     1 |       ||     1
  Eat: Chunk             |     3 |     4 ||     7
       Fruit             |       |     1 ||     1
Armor: Animal skin       |     8 |       ||     8
       Leather armour    |    45 |       ||    45
       Scale mail        |    19 |    60 ||    79
Dodge: Dodged            |   139 |    85 ||   224
